TOP OF THE 1ST |
Augusta GreenJackets batting - Pitching for West Virginia Power : RHP Josh Markham
|
Pitching: RHP Josh Markham
|
|
Batting: RHB Lucan Esini
|
0-0: Ball 1-0: Ball 2-0: Ground out 1-3 (Groundball, P, EV 67.5 MPH)
|
Batting: RHB Omar Jordan
|
0-0: Swinging Strike 0-1: Foul Ball, location: 2F 0-2: Ball 1-2: Foul Ball, location: 2F 1-2: Ball 2-2: Foul Ball, location: 2F 2-2: DOUBLE (Line Drive, 9LM, EV 86.9 MPH)
|
Batting: LHB Gabe Velez
|
0-0: Ball 1-0: Foul Ball, location: 2F 1-1: Ball 2-1: SINGLE (Line Drive, 56D, EV 102.5 MPH) Omar Jordan to third Runner from 3rd tries for Home, throw by LF and OUT! 7-2
|
Batting: RHB Mike Buchanan
|
0-0: Called Strike 0-1: Ball 1-1: DOUBLE (Line Drive, 78M, EV 113.8 MPH) Gabe Velez to third Runner from 3rd tries for Home, throw by CF and OUT! 8-6-2
|
Top of the 1st over - 0 runs, 3 hits, 0 errors, 1 left on base; Augusta 0 - West Virginia 0 |
BOTTOM OF THE 1ST |
West Virginia Power batting - Pitching for Augusta GreenJackets : LHP Travis Stichter
|
Pitching: LHP Travis Stichter
|
|
Batting: RHB Ron Corn
|
0-0: Ball 1-0: Ball 2-0: Called Strike 2-1: Foul Ball, location: 2F 2-2: Ball 3-2: Base on Balls
|
Batting: LHB Micah Boshnjaku
|
0-0: Called Strike 0-1: Ball 1-1: Ball 2-1: Foul Ball, location: 2F 2-2: Strikes out swinging
|
Batting: SHB Francisco Gutierrez
|
0-0: Ball 1-0: Called Strike 1-1: Ball 2-1: Foul Ball, location: 2F 2-2: Strikes out swinging
|
Batting: RHB Tom Primmer
|
0-0: Ball 1-0: Ball 2-0: Foul Ball, location: 2F 2-1: Ball 3-1: Base on Balls Ron Corn to second
|
Batting: SHB Brad Day
|
0-0: Swinging Strike 0-1: Called Strike 0-2: Foul Ball, location: 2F 0-2: Ball 1-2: Fielders Choice at 2nd, 5-4 (Groundball, 56, EV 84.4 MPH)
|
Bottom of the 1st over - 0 runs, 0 hits, 0 errors, 2 left on base; Augusta 0 - West Virginia 0 |
TOP OF THE 2ND |
Augusta GreenJackets batting - Pitching for West Virginia Power : RHP Josh Markham
|
Batting: RHB Justin Baldwin
|
0-0: Ball 1-0: Called Strike 1-1: Ball 2-1: Called Strike 2-2: Fly out, F9 (Flyball, 9, EV 96.9 MPH)
|
Batting: RHB Davey Beeson
|
0-0: Ball 1-0: Ball 2-0: Foul Ball, location: 2F 2-1: Ball 3-1: Foul Ball, location: 2F 3-2: Foul Ball, location: 2F 3-2: Strikes out swinging
|
Batting: RHB Drew Duncan
|
0-0: Ball 1-0: Swinging Strike 1-1: Ball 2-1: Fly out, F8 (Flyball, 89M, EV 87.5 MPH)
|
Top of the 2nd over - 0 runs, 0 hits, 0 errors, 0 left on base; Augusta 0 - West Virginia 0 |
BOTTOM OF THE 2ND |
West Virginia Power batting - Pitching for Augusta GreenJackets : LHP Travis Stichter
|
Batting: RHB Dennis Coppolino
|
0-0: Ball 1-0: Foul Ball, location: 2F 1-1: Ground out 4-3 (Groundball, 13, EV 82.5 MPH)
|
Batting: RHB Ted Goldblatt
|
0-0: Foul Ball, location: 2F 0-1: SINGLE (Groundball, P, EV 82.5 MPH) (infield hit)
|
Batting: RHB Pleun Smit
|
0-0: Ball 1-0: Called Strike 1-1: Swinging Strike 1-2: Foul Ball, location: 2F 1-2: Foul Ball, location: 2F 1-2: Strikes out swinging
|
Batting: RHB Jesus Marquez
|
0-0: Called Strike 0-1: Swinging Strike 0-2: Ball 1-2: Ball 2-2: Foul Ball, location: 2F 2-2: Foul Ball, location: 2F 2-2: Strikes out swinging
|
Bottom of the 2nd over - 0 runs, 1 hit, 0 errors, 1 left on base; Augusta 0 - West Virginia 0 |
TOP OF THE 3RD |
Augusta GreenJackets batting - Pitching for West Virginia Power : RHP Josh Markham
|
Batting: RHB Juan Flores
|
0-0: Swinging Strike 0-1: Foul Ball, location: 2F 0-2: Ball 1-2: Strikes out looking
|
Batting: RHB Devin Lowery
|
0-0: Called Strike 0-1: Foul Ball, location: 2F 0-2: Foul Ball, location: 2F 0-2: Ball 1-2: Foul Ball, location: 2F 1-2: Foul Ball, location: 2F 1-2: Ball 2-2: DOUBLE (Flyball, 89XD, EV 100.0 MPH)
|
Batting: RHB Lucan Esini
|
0-0: Foul Ball, location: 2F 0-1: Ball 1-1: Ball 2-1: Called Strike 2-2: Ball 3-2: Strikes out swinging
|
Batting: RHB Omar Jordan
|
0-0: Called Strike 0-1: Foul Ball, location: 2F 0-2: Foul Ball, location: 2F 0-2: Ball 1-2: Strikes out swinging
|
Top of the 3rd over - 0 runs, 1 hit, 0 errors, 1 left on base; Augusta 0 - West Virginia 0 |
BOTTOM OF THE 3RD |
West Virginia Power batting - Pitching for Augusta GreenJackets : LHP Travis Stichter
|
Batting: RHB Ron Corn
|
0-0: Called Strike 0-1: Foul Ball, location: 2F 0-2: Ground out 6-3 (Groundball, 56, EV 105.6 MPH)
|
Batting: LHB Micah Boshnjaku
|
0-0: Foul Ball, location: 2F 0-1: Ball 1-1: Swinging Strike 1-2: Ball 2-2: Ball 3-2: Base on Balls
|
Batting: SHB Francisco Gutierrez
|
0-0: Ball 1-0: Ball Micah Boshnjaku is caught stealing 2nd base 2-4 2-0: Called Strike 2-1: Ball 3-1: Foul Ball, location: 2F 3-2: Foul Ball, location: 2F 3-2: Foul Ball, location: 2F 3-2: Base on Balls
|
Batting: RHB Tom Primmer
|
0-0: Ball Francisco Gutierrez is caught stealing 2nd base 2-4
|
Bottom of the 3rd over - 0 runs, 0 hits, 0 errors, 0 left on base; Augusta 0 - West Virginia 0 |
TOP OF THE 4TH |
Augusta GreenJackets batting - Pitching for West Virginia Power : RHP Josh Markham
|
Batting: LHB Gabe Velez
|
0-0: Called Strike 0-1: Ball 1-1: Fly out, F7 (Flyball, 7, EV 88.8 MPH)
|
Batting: RHB Mike Buchanan
|
0-0: Called Strike 0-1: SINGLE (Line Drive, 78S, EV 88.1 MPH)
|
Batting: RHB Justin Baldwin
|
0-0: Called Strike 0-1: Fly out, F8 (Line Drive, 8RD, EV 98.8 MPH)
|
Batting: RHB Davey Beeson
|
0-0: Ball 1-0: Ball 2-0: Ball Passed Ball! Mike Buchanan to second 3-0: Ground out 6-3 (Groundball, 6, EV 101.9 MPH)
|
Top of the 4th over - 0 runs, 1 hit, 0 errors, 1 left on base; Augusta 0 - West Virginia 0 |
BOTTOM OF THE 4TH |
West Virginia Power batting - Pitching for Augusta GreenJackets : LHP Travis Stichter
|
Batting: RHB Tom Primmer
|
0-0: Foul Ball, location: 2F 0-1: Swinging Strike 0-2: Strikes out looking
|
Batting: SHB Brad Day
|
0-0: Called Strike 0-1: Foul Ball, location: 2F 0-2: Ball 1-2: DOUBLE (Line Drive, 78D, EV 105.6 MPH)
|
Batting: RHB Dennis Coppolino
|
0-0: Ball 1-0: Ball 2-0: Foul Ball, location: 2F 2-1: Ball 3-1: Base on Balls
|
Batting: RHB Ted Goldblatt
|
0-0: Foul Ball, location: 2F 0-1: Ball 1-1: DOUBLE (Line Drive, 78D, EV 101.3 MPH) Brad Day scores Dennis Coppolino to third
|
Batting: RHB Pleun Smit
|
0-0: Called Strike 0-1: Ball 1-1: Ball 2-1: Swinging Strike 2-2: Strikes out swinging, 2-3 out at first.
|
Batting: RHB Jesus Marquez
|
0-0: Ball 1-0: Ball 2-0: Called Strike 2-1: Foul Ball, location: 2F 2-2: Strikes out swinging
|
Bottom of the 4th over - 1 run, 2 hits, 0 errors, 2 left on base; Augusta 0 - West Virginia 1 |
TOP OF THE 5TH |
Augusta GreenJackets batting - Pitching for West Virginia Power : RHP Josh Markham
|
Batting: RHB Drew Duncan
|
0-0: Ball 1-0: Ball 2-0: Foul Ball, location: 2F 2-1: SINGLE (Line Drive, 6D, EV 104.4 MPH)
|
Batting: RHB Juan Flores
|
0-0: Ball 1-0: Called Strike 1-1: Foul Ball, location: 2F 1-2: DOUBLE (Flyball, 8RXD, EV 91.3 MPH) Drew Duncan to third
|
Batting: RHB Devin Lowery
|
0-0: Ball 1-0: SINGLE (Groundball, 4MD, EV 106.3 MPH) Drew Duncan scores Juan Flores to third Runner from 3rd tries for Home, SAFE, throw by CF to home
|
Batting: RHB Lucan Esini
|
0-0: Called Strike 0-1: Called Strike 0-2: Fly out, F9 (Flyball, 89S, EV 85.0 MPH)
|
Batting: RHB Omar Jordan
|
0-0: Ball 1-0: Ball 2-0: Called Strike 2-1: Ball 3-1: Foul Ball, location: 2F 3-2: Foul Ball, location: 2F 3-2: Foul Ball, location: 2F 3-2: Strikes out swinging Devin Lowery steals 2nd base Batter strikes out.
|
Batting: LHB Gabe Velez
|
0-0: Ball 1-0: Called Strike 1-1: Swinging Strike 1-2: Ball 2-2: Ball 3-2: Foul Ball, location: 2F 3-2: Foul Ball, location: 2F 3-2: Ground out 4-3 (Groundball, 4, EV 85.0 MPH)
|
Top of the 5th over - 2 runs, 3 hits, 0 errors, 1 left on base; Augusta 2 - West Virginia 1 |
BOTTOM OF THE 5TH |
West Virginia Power batting - Pitching for Augusta GreenJackets : LHP Travis Stichter
|
Batting: RHB Ron Corn
|
0-0: Called Strike 0-1: Ball 1-1: Ball 2-1: SOLO HOME RUN (Flyball, 9D, EV 96.9 MPH), Distance : 373 ft
|
Pitching: LHP Ian Martin
|
|
Batting: LHB Micah Boshnjaku
|
0-0: Foul Ball, location: 2F 0-1: Ball 1-1: Ball 2-1: Foul Ball, location: 2F 2-2: Foul Ball, location: 2F 2-2: Ball 3-2: Reached on error, E3 (Groundball, 3, EV 89.4 MPH)
|
Batting: SHB Francisco Gutierrez
|
0-0: Ball Micah Boshnjaku steals 2nd base 1-0: Ball 2-0: Called Strike 2-1: Ball 3-1: Base on Balls
|
Batting: RHB Tom Primmer
|
0-0: Ball 1-0: Ball 2-0: Fielders Choice at 2nd, 3-6 (Groundball, 34S, EV 88.8 MPH) Micah Boshnjaku to third
|
Batting: SHB Brad Day
|
0-0: Called Strike 0-1: Fly out, F7 (Flyball, 78S, EV 95.6 MPH)
|
Batting: RHB Dennis Coppolino
|
0-0: Ball 1-0: Fly out, F9 (Flyball, 9, EV 95.0 MPH)
|
Bottom of the 5th over - 1 run, 1 hit, 1 error, 2 left on base; Augusta 2 - West Virginia 2 |
TOP OF THE 6TH |
Augusta GreenJackets batting - Pitching for West Virginia Power : RHP Josh Markham
|
Pitching: RHP Adam Monge
|
|
Batting: RHB Mike Buchanan
|
0-0: Ball 1-0: Ball 2-0: Called Strike 2-1: Foul Ball, location: 2F 2-2: Ball 3-2: Base on Balls
|
Batting: RHB Justin Baldwin
|
0-0: Ground out 6-3 (Groundball, 6MS, EV 75.0 MPH) Mike Buchanan to second
|
Batting: RHB Davey Beeson
|
0-0: Called Strike Mike Buchanan steals 3rd base 0-1: Ball 1-1: Foul Ball, location: 2F 1-2: Foul Ball, location: 2F 1-2: Reached on error, E5 (Groundball, 56S, EV 87.5 MPH) Mike Buchanan scores
|
Batting: RHB Drew Duncan
|
0-0: Fielders Choice at 2nd, 3-6 (Groundball, 34S, EV 81.3 MPH)
|
Batting: RHB Juan Flores
|
0-0: Ball 1-0: Ball 2-0: Ground out 5-3 (Groundball, 56S, EV 91.3 MPH)
|
Top of the 6th over - 1 run, 0 hits, 1 error, 1 left on base; Augusta 3 - West Virginia 2 |
BOTTOM OF THE 6TH |
West Virginia Power batting - Pitching for Augusta GreenJackets : LHP Ian Martin
|
Batting: RHB Ted Goldblatt
|
0-0: Foul Ball, location: 2F 0-1: Foul Ball, location: 2F 0-2: Ball 1-2: Ball 2-2: Strikes out looking
|
Batting: RHB Pleun Smit
|
0-0: Ball 1-0: Ball 2-0: Called Strike 2-1: Called Strike 2-2: Foul Ball, location: 2F 2-2: Strikes out swinging
|
Pitching: RHP Lorenzo Merjil
|
|
Pinch Hitting: RHB Jordan Robinson
|
0-0: Called Strike 0-1: Ball 1-1: SINGLE (Groundball, 56D, EV 104.4 MPH)
|
Batting: RHB Ron Corn
|
0-0: Ball Jordan Robinson steals 2nd base (no throw) 1-0: Called Strike 1-1: Called Strike 1-2: Strikes out swinging
|
Bottom of the 6th over - 0 runs, 1 hit, 0 errors, 1 left on base; Augusta 3 - West Virginia 2 |
TOP OF THE 7TH |
Augusta GreenJackets batting - Pitching for West Virginia Power : RHP Adam Monge
|
Now in CF: Jordan Robinson
|
|
Now in RF: Ron Corn
|
|
Batting: RHB Devin Lowery
|
0-0: Ball 1-0: Ball 2-0: Called Strike 2-1: Ball 3-1: Called Strike 3-2: Base on Balls
|
Batting: RHB Lucan Esini
|
0-0: Called Strike 0-1: Ball 1-1: DOUBLE (Flyball, 8RXD, EV 91.9 MPH) Devin Lowery to third
|
Batting: RHB Omar Jordan
|
0-0: Ball 1-0: Called Strike 1-1: Ball 2-1: Foul Ball, location: 2F 2-2: Foul Ball, location: 2F 2-2: Strikes out looking
|
Batting: LHB Gabe Velez
|
0-0: Intentional Walk
|
Batting: RHB Mike Buchanan
|
0-0: Swinging Strike 0-1: Hit by Pitch Devin Lowery scores Lucan Esini to third Gabe Velez to second
|
Batting: RHB Justin Baldwin
|
0-0: Ball 1-0: Ball 2-0: Ball 3-0: Base on Balls Lucan Esini scores Gabe Velez to third Mike Buchanan to second
|
Batting: RHB Davey Beeson
|
0-0: Ball 1-0: Fly out, F8 (Flyball, 8RXD, EV 98.1 MPH) Runner from 3rd tags up, SCORES, no throw by CF
|
Pitching: RHP Eldon Darrah
|
|
Batting: RHB Drew Duncan
|
0-0: Fielders Choice at 2nd, 4-6 (Groundball, 4MD, EV 94.4 MPH)
|
Top of the 7th over - 3 runs, 1 hit, 0 errors, 2 left on base; Augusta 6 - West Virginia 2 |
BOTTOM OF THE 7TH |
West Virginia Power batting - Pitching for Augusta GreenJackets : RHP Lorenzo Merjil
|
Batting: LHB Micah Boshnjaku
|
0-0: Called Strike 0-1: Ball 1-1: Called Strike 1-2: Ball 2-2: Foul Ball, location: 2F 2-2: Ball 3-2: Base on Balls
|
Batting: SHB Francisco Gutierrez
|
0-0: Foul Ball, location: 2F 0-1: Ball 1-1: Ball Micah Boshnjaku steals 2nd base (no throw) 2-1: Ground out 6-3 (Groundball, 6MS, EV 89.4 MPH) Micah Boshnjaku to third
|
Batting: RHB Tom Primmer
|
0-0: Ball 1-0: Fly out, F4 (Popup, 34, EV 67.5 MPH)
|
Batting: SHB Brad Day
|
0-0: Ball 1-0: Swinging Strike 1-1: Ball 2-1: Swinging Strike 2-2: Ball 3-2: Strikes out swinging
|
Bottom of the 7th over - 0 runs, 0 hits, 0 errors, 1 left on base; Augusta 6 - West Virginia 2 |
TOP OF THE 8TH |
Augusta GreenJackets batting - Pitching for West Virginia Power : RHP Eldon Darrah
|
Batting: RHB Juan Flores
|
0-0: Called Strike 0-1: Called Strike 0-2: Ball 1-2: Foul Ball, location: 2F 1-2: Strikes out swinging
|
Batting: RHB Devin Lowery
|
0-0: Foul Ball, location: 2F 0-1: Ball 1-1: Foul Ball, location: 2F 1-2: Strikes out swinging
|
Batting: RHB Lucan Esini
|
0-0: Foul Ball, location: 2F 0-1: Swinging Strike 0-2: Ball 1-2: Foul Ball, location: 2F 1-2: Strikes out looking
|
Top of the 8th over - 0 runs, 0 hits, 0 errors, 0 left on base; Augusta 6 - West Virginia 2 |
BOTTOM OF THE 8TH |
West Virginia Power batting - Pitching for Augusta GreenJackets : RHP Lorenzo Merjil
|
Pitching: RHP Nate Heideman
|
|
Batting: RHB Dennis Coppolino
|
0-0: Ball 1-0: Swinging Strike 1-1: Foul Ball, location: 2F 1-2: Ball 2-2: Strikes out looking
|
Batting: RHB Ted Goldblatt
|
0-0: Swinging Strike 0-1: Ball 1-1: Foul Ball, location: 2F 1-2: Ball 2-2: Ball 3-2: Strikes out swinging
|
Batting: RHB Pleun Smit
|
0-0: Foul Ball, location: 2F 0-1: Ball 1-1: Ball 2-1: Ground out 5-3 (Groundball, 5, EV 97.5 MPH)
|
Bottom of the 8th over - 0 runs, 0 hits, 0 errors, 0 left on base; Augusta 6 - West Virginia 2 |
TOP OF THE 9TH |
Augusta GreenJackets batting - Pitching for West Virginia Power : RHP Eldon Darrah
|
Pitching: RHP Troy Conners
|
|
Batting: RHB Omar Jordan
|
0-0: Foul Ball, location: 2F 0-1: Foul Ball, location: 2F 0-2: Ground out 5-3 (Groundball, 56, EV 102.5 MPH)
|
Batting: LHB Gabe Velez
|
0-0: Called Strike 0-1: Ball 1-1: Swinging Strike 1-2: Fly out, F9 (Flyball, 9LM, EV 83.1 MPH)
|
Batting: RHB Mike Buchanan
|
0-0: Ball 1-0: Foul Ball, location: 2F 1-1: Called Strike 1-2: Strikes out swinging
|
Top of the 9th over - 0 runs, 0 hits, 0 errors, 0 left on base; Augusta 6 - West Virginia 2 |
BOTTOM OF THE 9TH |
West Virginia Power batting - Pitching for Augusta GreenJackets : RHP Nate Heideman
|
Batting: RHB Jordan Robinson
|
0-0: Foul Ball, location: 2F 0-1: Swinging Strike 0-2: Ball 1-2: Foul Ball, location: 2F 1-2: Foul Ball, location: 2F 1-2: Ball 2-2: Strikes out swinging
|
Batting: RHB Ron Corn
|
0-0: Called Strike 0-1: Ball 1-1: Ball 2-1: Foul Ball, location: 2F 2-2: Ball 3-2: Foul Ball, location: 2F 3-2: Strikes out swinging
|
Batting: LHB Micah Boshnjaku
|
0-0: Called Strike 0-1: Ball 1-1: Foul Ball, location: 2F 1-2: Foul Ball, location: 2F 1-2: Foul Ball, location: 2F 1-2: Foul Ball, location: 2F 1-2: Fly out, F8 (Flyball, 8LM, EV 75.6 MPH)
|
Bottom of the 9th over - 0 runs, 0 hits, 0 errors, 0 left on base; Augusta 6 - West Virginia 2 |
|